AoeStats
← 150490644@

Arabia

507929344Analyzed
1v1 RM · 12d ago on Sep 20, 2026· 57m 29s· 2 players
Game mode
Random Map
Map size
Tiny (2 player)
Population
200
Speed
Normal
Resources
Standard
Victory
Conquest
Starting age
Dark Age
Ending age
Imperial Age
RankedLock teamsTeams togetherTeam positionsShared explorationLock speedFull tech treeHidden civsTurbo modeCheats
Victory
Defeat
🇦🇹 Ethiopians · Austria
962
+15
🇮🇹 Khitans · Italy
950
-15
150490644@
7:05 Loom
9:35 Feudal Age
10:15 Double-Bit Axe
17:06 Domestication
21:33 Castle Age
19:37 Gold Mining
19:56 Scale Barding Armor
20:33 Forging
21:15 Wheelbarrow
22:17 Husbandry
22:39 Chain Barding Armor
22:55 Iron Casting
23:55 Bow Saw
29:58 Light Cavalry
32:19 Elite Skirmisher
34:07 Fletching
35:16 Padded Archer Armor
37:41 Leather Archer Armor
40:19 Bodkin Arrow
40:53 Hand Cart
44:35 Imperial Age
42:45 Lamellar Armor
45:13 Ballistics
46:46 Chemistry
45:53 Elite Fire Lancer
hawara
8:11 Loom
10:55 Feudal Age
11:43 Double-Bit Axe
12:01 Gold Mining
22:54 Wheelbarrow
22:39 Fletching
23:30 Padded Archer Armor
27:13 Castle Age
27:21 Crossbowman
28:15 Thumb Ring
28:40 Bodkin Arrow
30:06 Bow Saw
29:39 Horse Collar
30:43 Ballistics
30:38 Heavy Plow
30:08 Light Cavalry
31:44 Forging
31:52 Leather Archer Armor
33:57 Hand Cart
34:13 Husbandry
35:56 Iron Casting
35:48 Scale Barding Armor
44:08 Imperial Age
43:29 Chain Barding Armor
45:47 Conscription
45:06 Arbalester
45:52 Bracer
53:06 Two-Man Saw
52:56 Hussar
Connection lost

Rejoining the realm…

Still unreachable

The connection could not be restored.

Session expired

The server has moved on; the page needs a fresh start.